 Dungeon Crawl Stone Soup version 0.19.1-1-g22dce08 (webtiles) character file.

55777 Gargoyl the Cleaver (level 14, -1/121 HPs)
             Began as a Ghoul Abyssal Knight on Jan 21, 2017.
             Was a High Priest of Lugonu.
             Slain by a three-headed hydra (10 damage)
             ... on level 4 of the Lair of Beasts.
             The game lasted 01:06:09 (23581 turns).

Gargoyl the Cleaver (Ghoul Abyssal Knight)         Turns: 23581, Time: 01:06:09

Health: -1/121     AC: 28    Str: 19    XL:     14   Next: 78%
Magic:  16/22      EV:  6    Int:  7    God:    Lugonu [*****.]
Gold:   1238       SH: 12    Dex: 10    Spells: 0 memorised, 13 levels left

rFire  . . .     SeeInvis .     M - +0 war axe (flame)
rCold  + + +     Gourm    .     g - +0 plate armour
rNeg   + + +     Faith    .     t - +1 shield
rPois  ∞         Spirit   .     s - +1 helmet
rElec  .         Reflect  .     U - +2 cloak {rC+}
rCorr  .         Harm     .     O - +2 pair of gloves
MR     +....                    E - +2 pair of boots
Stlth  ..........               k - amulet of magic regeneration
                                o - +2 ring of slaying
                                h - ring of protection from cold

@: rotting, studying Ice Magic
A: rotting body, claws 1, carnivore 3, cold resistance 1, negative energy
resistance 3, slow regeneration 1, torment resistance, unbreathing
a: Depart the Abyss, Bend Space, Banish, Corrupt, Enter the Abyss, Renounce
Religion


You were on level 4 of the Lair of Beasts.
You worshipped Lugonu.
Lugonu was extremely pleased with you.
You were not hungry.

You visited 3 branches of the dungeon, and saw 20 of its levels.
You visited the Abyss 1 time.
You also visited: Ice Cave.

You collected 1238 gold pieces.

Inventory:

Hand Weapons
 K - a +0 war axe
 L - a +1 broad axe
 M - a +0 war axe of flaming (weapon)
Missiles
 z - 3 tomahawks of returning (quivered)
 P - 4 tomahawks
Armour
 g - a +0 plate armour (worn)
 s - a +1 helmet (worn)
 t - a +1 shield (worn)
 E - a +2 pair of boots (worn)
 O - a +2 pair of gloves (worn)
 U - a +2 cloak of cold resistance (worn)
Jewellery
 h - a ring of protection from cold (left hand)
 k - an amulet of magic regeneration (around neck)
 o - a +2 ring of slaying (right hand)
 u - an uncursed ring of magical power
Wands
 l - a wand of lightning (0/15)
 n - a wand of iceblast (6/15)
 p - a wand of teleportation (4/9)
 G - a wand of confusion (10/48)
 J - a wand of polymorph (9/24)
 Q - a wand of paralysis (4/24)
 S - a wand of iceblast (5/15)
 T - a wand of iceblast (8/15)
Scrolls
 a - a scroll of blinking
 e - 4 scrolls of recharging
 q - a scroll of magic mapping
 y - 7 scrolls of remove curse
 B - 3 scrolls of amnesia
 C - a scroll of teleportation
 F - 2 scrolls of fog
 W - 3 scrolls of identify
 Y - 2 scrolls of fear
Potions
 b - 4 potions of agility
 f - 2 potions of magic
 r - 3 potions of cancellation
 w - a potion of invisibility
 x - a potion of flight
 H - a potion of resistance
Books
 j - a book of Air

   Spells                             Type                      Level
   a - Shock                          Conjuration/Air              1
   b - Swiftness                      Charms/Air                   2
   c - Repel Missiles                 Charms/Air                   2
   d - Static Discharge               Conjuration/Air              3
   e - Lightning Bolt                 Conjuration/Air              5
 D - a manual of Ice Magic
 R - a manual of Ice Magic
 X - a book of Maledictions

   Spells                             Type                      Level
   a - Corona                         Hexes                        1
   b - Ensorcelled Hibernation        Hexes/Ice                    2
   c - Confuse                        Hexes                        3
   d - Tukima's Dance                 Hexes                        3
   e - Dazzling Spray                 Conjuration/Hexes            3
Comestibles
 c - 7 meat rations
 d - 6 beef jerkies
 i - 10 slices of pizza
 m - 2 royal jellies


   Skills:
 + Level 10.0 Fighting
 + Level 12.6 Axes
 + Level 1.0 Throwing
 * Level 12.1 Armour
 + Level 2.2 Dodging
 + Level 8.7 Shields
 * Level 12.5 Invocations


You had 13 spell levels left.
You didn't know any spells.

Dungeon Overview and Level Annotations

Branches:
Dungeon (13/15)            Temple (0/1) D:4            Lair (6/6) D:11
 Shoals (0/4) Lair:2        Snake (1/4) Lair:3          Orc (0/2) D:10
  Slime: Lair:5-6    Vaults: D:13-14

Altars:
Okawaru
Qazlal
The Shining One

Annotations:
Lair:5 exclusion: 4 oklob plants


Innate Abilities, Weirdness & Mutations

Your body is rotting away.
You thrive on raw meat.
You are immune to poison.
You have sharp fingernails.
You are carnivorous and can eat meat at any time.
Your flesh is cold resistant. (rC+)
You are immune to negative energy. (rN+++)
You regenerate slowly when monsters are visible.
You are immune to unholy pain and torment.
You can survive without breathing.


Message History

The komodo dragon bites you!
* * * LOW HITPOINT WARNING * * *
Press: ? - help, Shift-Dir - straight line, f - komodo dragon
Aim: a komodo dragon (chance to defeat MR: 76%)
The komodo dragon barely resists.
You feel somewhat more hungry.
The bullfrog hits you but does no damage.
The three-headed hydra bites you.
* * * LOW HITPOINT WARNING * * *
The three-headed hydra barely misses you.
The three-headed hydra bites you.
* * * LOW HITPOINT WARNING * * *
The komodo dragon barely misses you. The bullfrog completely misses you.
Space bends sharply around you!
The bullfrog blinks!
You blink.
* * * LOW HITPOINT WARNING * * *
Space bends sharply around you!
You blink.
* * * LOW HITPOINT WARNING * * *
The bullfrog hits you.
* * * LOW HITPOINT WARNING * * *
The three-headed hydra bites you!
You die...

######### ###.##P##..
###.......... ###
############.#..........
######.###.......#..).+..........
##...........§.F....##..<........
...##P.#..P..l..@..####..........
..#######P.....D÷#P# #..........
### ####.#.§#### #....÷.....
####..# #.#.#+.#.## ###..##
#####.#### ###### #.[.#.# ###..#
####...P# ##..#### #...#####
........# #.+#...########P'#.##.
........# ##........##^.##......#


You could see a three-headed hydra, a komodo dragon and a bullfrog.

Vanquished Creatures
  Josephine (D:11)
  Fannar (Lair:3)
  7 hydras
  2 death yaks
  A hill giant (D:10)
  An ugly thing (D:11)
  A manticore (Lair:4)
  10 elephants
  An ice statue (IceCv)
  6 black mambas
  19 spiny frogs
  A black mamba (shapeshifter) (D:13)
  4 freezing wraiths (IceCv)
  6 rime drakes
  A centaur skeleton (D:10)
  2 komodo dragons
  2 ice devils (Lair:1)
  2 trolls
  A two-headed ogre (D:11)
  A polar bear (Lair:6)
  A slime creature (Lair:2)
  10 blink frogs
  11 hippogriffs
  A meliai zombie (D:13)
  5 wraiths
  12 wyverns
  A yak (shapeshifter) (D:13)
  6 basilisks
  A steam dragon (D:11)
  32 yaks
  3 vampire mosquitoes (Lair:5)
  14 water moccasins
  4 sky beasts
  3 porcupines
  2 eyes of draining
  9 ice beasts
  6 orc warriors
  A necrophage (D:10)
  4 black bears
  5 ogres
  2 phantoms
  12 wolves
  11 centaurs
  12 crocodiles
  2 big kobolds
  18 bullfrogs
  An elephant simulacrum (IceCv)
  4 killer bees (D:9)
  3 scorpions
  An electric eel (Lair:3)
  3 wights (D:13)
  6 howler monkeys
  A crimson imp (D:6)
  3 draconian simulacra (IceCv)
  A quasit (D:9)
  8 hounds
  5 bullfrog skeletons
  11 orc priests
  7 jellies
  Ijyb (D:3)
  8 iguanas
  Natasha (D:1)
  13 orc wizards
  12 worker ants
  4 spriggan simulacra (IceCv)
  2 polar bear simulacra (IceCv)
  5 troll simulacra (IceCv)
  A wolf simulacrum (IceCv)
  2 centaur simulacra (IceCv)
  A hound zombie (D:8)
  2 worker ant zombies
  Robin (D:2)
  3 gnolls (D:9)
  An ogre simulacrum (IceCv)
  28 adders
  5 naga simulacra (IceCv)
  6 shadow imps
  12 white imps (IceCv)
  A worker ant simulacrum (D:9)
  17 oozes
  An adder skeleton (D:8)
  3 adder zombies
  3 worms
  A dart slug (D:2)
  6 leopard geckos
  63 orcs
  7 bats
  7 giant cockroaches
  16 goblins
  10 hobgoblins
  16 jackals
  14 kobolds
  5 quokkas
  A ball python (D:2)
  7 frilled lizards
  A jackal skeleton (D:4)
  11 rats
  5 fungi
  5 plants
620 creatures vanquished.

Vanquished Creatures (others)
  A hydra (D:13)
  A death yak (Lair:4)
  3 unseen horrors
  A skeletal warrior (D:12)
  A necromancer (IceCv)
  A cyclops (D:8)
  2 oklob plants (Lair:5)
  A manticore (D:9)
  An ugly thing (D:13)
  A black mamba (Lair:4)
  A spiny frog (Lair:4)
  6 freezing wraiths (IceCv)
  A troll (D:9)
  A blink frog (Lair:4)
  A basilisk (Lair:5)
  A mottled dragon (D:13)
  A water moccasin (D:8)
  An orc warrior (D:9)
  An ogre (D:9)
  An electric eel (Lair:2)
  9 fungi
  34 plants
71 creatures vanquished.

Grand Total: 691 creatures vanquished

Notes
Turn   | Place    | Note
-------+----------+-------------------------------------------
     0 | Abyss:1  | Gargoyl the Ghoul Abyssal Knight began the quest for the Orb.
     0 | Abyss:1  | Reached XP level 1. HP: 19/19 MP: 1/1
    76 | Abyss:2  | Noticed a starcursed mass
    77 | D:1      | Escaped the Abyss
   250 | D:1      | Reached * piety under Lugonu
   250 | D:1      | Reached XP level 2. HP: 26/26 MP: 2/2
   554 | D:1      | Found a glowing golden altar of the Shining One.
   748 | D:1      | Reached XP level 3. HP: 26/33 MP: 3/3
   947 | D:2      | Noticed Natasha
   973 | D:1      | Killed Natasha
  1065 | D:2      | Reached XP level 4. HP: 30/40 MP: 5/5
  1330 | D:2      | Reached ** piety under Lugonu
  1358 | D:2      | Noticed Robin
  1442 | D:2      | Killed Robin
  1442 | D:2      | Reached XP level 5. HP: 28/46 MP: 6/6
  1869 | D:2      | Found a stormy altar of Qazlal.
  2138 | D:3      | Reached *** piety under Lugonu
  2395 | D:3      | Reached XP level 6. HP: 51/52 MP: 7/7
  2503 | D:3      | Noticed Ijyb
  2532 | D:3      | Killed Ijyb
  2606 | D:3      | Reached skill level 1 in Dodging
  3143 | D:3      | Reached skill level 1 in Shields
  3309 | D:4      | Found a staircase to the Ecumenical Temple.
  3455 | D:4      | Reached XP level 7. HP: 50/59 MP: 9/9
  4083 | D:5      | Entered Level 5 of the Dungeon
  4093 | D:5      | Found an iron altar of Okawaru.
  4312 | D:5      | Reached **** piety under Lugonu
  4469 | D:5      | Reached XP level 8. HP: 62/67 MP: 10/10
  4526 | D:5      | Reached skill level 5 in Armour
  4630 | D:5      | Reached skill level 5 in Fighting
  5084 | D:6      | Reached skill level 5 in Axes
  5084 | D:6      | Reached skill level 5 in Invocations
  5313 | D:6      | You fall through a shaft for 2 floors!
  5636 | D:7      | Noticed a hippogriff
  5659 | D:8      | Killed a hippogriff
  5659 | D:8      | Reached XP level 9. HP: 29/73 MP: 12/12
  6130 | D:6      | Identified a scroll of acquirement
  6131 | D:6      | Got a jewelled hat
  6142 | D:6      | Identified the +1 hat "Feum Vyt" {Int+3} (You acquired it on level 6 of the Dungeon)
  6980 | D:7      | Reached ***** piety under Lugonu
  7400 | D:8      | Noticed a cyclops
  7433 | D:8      | HP: 1/74 [steam dragon] (12)]
  7884 | D:9      | Noticed a hill giant
  7901 | D:9      | Banished a hill giant
  8128 | D:9      | Reached XP level 10. HP: 77/83 MP: 14/14
  8317 | D:9      | Noticed a manticore
  8324 | D:9      | Banished a manticore
  8404 | D:9      | Banished an unseen horror
  9046 | D:9      | Reached skill level 5 in Shields
 10258 | D:8      | Banished a cyclops
 10990 | D:8      | Reached XP level 11. HP: 91/91 MP: 16/16
 11050 | D:10     | Entered Level 10 of the Dungeon
 11294 | D:10     | Banished an unseen horror
 11627 | D:10     | Found a staircase to the Orcish Mines.
 11734 | D:10     | Banished an unseen horror
 12103 | D:10     | You fall through a shaft for 3 floors!
 12362 | D:13     | Noticed a brown ugly thing
 12379 | D:13     | Noticed a six-headed hydra
 12381 | D:13     | Banished a brown ugly thing
 12382 | D:13     | Banished a six-headed hydra
 12652 | D:13     | Noticed a skeletal warrior
 12653 | D:13     | Noticed a skeletal warrior
 12655 | D:13     | Noticed a skeletal warrior
 12655 | D:13     | Noticed a skeletal warrior
 12872 | D:12     | Banished a skeletal warrior
 13051 | D:11     | Reached XP level 12. HP: 99/100 MP: 18/18
 13101 | D:11     | Reached skill level 1 in Throwing
 13174 | D:11     | Noticed Josephine
 13191 | D:11     | Killed Josephine
 13193 | D:11     | HP: 3/101 [wraith[Josephine] (7)]
 13885 | D:11     | Found a staircase to the Lair.
 13942 | Lair:1   | Entered Level 1 of the Lair of Beasts
 13951 | Lair:1   | Noticed a four-headed hydra
 13958 | Lair:1   | Reached skill level 10 in Invocations
 13961 | Lair:1   | Killed a one-headed hydra
 14010 | Lair:1   | Found a frozen archway.
 14026 | Lair:1   | Reached skill level 10 in Axes
 14041 | IceCv    | Entered an ice cave
 14358 | IceCv    | Reached skill level 10 in Armour
 15426 | IceCv    | Found an ancient bone altar of Kikubaaqudgha.
 16690 | Lair:2   | Noticed an eight-headed hydra
 16699 | Lair:2   | Reached XP level 13. HP: 46/105 MP: 20/20
 17605 | Lair:2   | Found a staircase to the Shoals.
 18257 | Lair:3   | Found a staircase to the Snake Pit.
 18594 | Lair:3   | Noticed Fannar
 18621 | Snake:1  | Entered Level 1 of the Snake Pit
 18745 | Lair:3   | Killed Fannar
 19890 | Lair:4   | Got an ebony flail
 19892 | Lair:4   | Identified the +7 flail "Fyqefel" {antimagic, Str+7} (You found it on level 4 of the Lair of Beasts)
 20135 | Lair:4   | Reached XP level 14. HP: 64/117 MP: 21/21
 20743 | Lair:4   | HP: 4/119 [spiny frog (11)]
 21625 | Lair:5   | You fall through a shaft!
 21625 | Lair:6   | Entered Level 6 of the Lair of Beasts
 23006 | Lair:5   | Reached skill level 10 in Fighting
 23102 | Lair:4   | HP: 2/121 [black mamba (7)]
 23581 | Lair:4   | Slain by a three-headed hydra

Skill      XL: |  1  2  3  4  5  6  7  8  9 10 11 12 13 14 |
---------------+-------------------------------------------+-----
Armour         | 2 3 4 5 6 8 9 10 11 12 | 12.1
Axes           | 2 3 4 5 6 8 9 10 11 12 | 12.6
Fighting       | 4 5 6 7 8 9 10 | 10.0
Invocations    | 3 4 5 7 8 9 10 11 12 | 12.5
Dodging        | 1 2 |  2.2
Shields        | 1 2 4 5 6 7 8 |  8.7
Throwing       | 1 |  1.0

Action                   |  1- 3 |  4- 6 |  7- 9 | 10-12 | 13-15 || total
-------------------------+-------+-------+-------+-------+-------++-------
Melee: Hand axe          |   122 |   467 |   666 |   231 |       ||  1486
       War axe           |       |       |       |   288 |    69 ||   357
       Broad axe         |       |       |       |   477 |   921 ||  1398
Throw: Tomahawk          |       |       |     3 |    35 |     3 ||    41
Invok: Depart the Abyss  |     1 |       |       |       |       ||     1
       Banish            |       |       |     5 |    24 |    14 ||    43
       Bend Space        |       |       |       |     2 |     4 ||     6
Evoke: Wand              |       |       |       |     7 |       ||     7
  Use: Scroll            |     2 |    14 |     7 |    11 |     5 ||    39
       Potion            |       |       |    13 |    11 |     7 ||    31
  Eat: Chunk             |     9 |    63 |    75 |   110 |   144 ||   401
       Meat ration       |       |       |       |     2 |       ||     2
Armor: Plate armour      |   118 |   389 |   481 |   974 |  1099 ||  3061
Dodge: Dodged            |    25 |    60 |    81 |   212 |   332 ||   710
Block: Shield            |       |   157 |   330 |   744 |   913 ||  2144
